 Dungeon Crawl Stone Soup version 0.30-a0-715-gdb4ae3ece1 (webtiles) character file.

Game seed: 16683887871903602956

19132 browni3141 the Convoker (level 12, 0/114 HPs)
             Began as a Naga Summoner on Jan 24, 2023.
             Was a Follower of Yredelemnul.
             Slain by a rust devil (3 damage)
             ... summoned by an orc high priest
             ... on level 2 of the Orcish Mines.
             The game lasted 00:37:05 (15187 turns).

browni3141 the Convoker (Naga Summoner)            Turns: 15187, Time: 00:37:06

Health: 0/114      AC: -19   Str: 12    XL:     12   Next: 65%
Magic:  0/23       EV:  8    Int: 22    God:    Yredelemnul [*.....]
Gold:   1218       SH:  0    Dex: 16    Spells: 5/25 levels left

rFire   + . .      SeeInvis +    a - +1 dagger (elec)
rCold   . . .      Faith    .    (no shield)
rNeg    + . .      Spirit   +    V - +0 robe of the Nexus {+Inv rElec rF- Slay+6}
rPois   +          Reflect  .    E - +0 helmet
rElec   +          Harm     .    p - +2 cloak {Will+}
rCorr   .          Rampage  .    (no gloves)
Will    ++...      NoTele   +    d - +0 barding "Yxedwin" {-Tele Regen+ Str+2 Int+3}
Stlth   ++                       M - amulet of guardian spirit
HPRegen 1.19/turn                q - ring of positive energy
MPRegen 0.18/turn                G - ring "Eschouw" {Wiz rF++ Dex+2}

@: short of breath, corroded, very slow
A: AC +4, large, see invisible, deformed body, poison resistance, slowness 2,
spit poison 1, naga tail 1
a: Spit Poison, Renounce Religion, Evoke Invisibility, Recall Undead Harvest


You were on level 2 of the Orcish Mines.
You worshipped Yredelemnul.
Yredelemnul was noncommittal.
You visited 3 branches of the dungeon, and saw 15 of its levels.
You also visited: Sewer.

You collected 1282 gold pieces.
You spent 64 gold pieces at shops.

Inventory:

Hand Weapons
 a - a +1 dagger of electrocution (weapon)
 b - a +3 spear
 U - a +1 dagger of venom
Missiles
 y - a curare-tipped dart
Armour
 d - the +0 barding "Yxedwin" (worn) {-Tele Regen+ Str+2 Int+3}
   (You acquired it on level 3 of the Dungeon)

   Str:       It affects your strength (+2).
   Int:       It affects your intelligence (+3).
   -Tele:     It prevents most forms of teleportation.
   Regen:     It increases your rate of health regeneration.
 e - a +2 cloak
 g - a +2 helmet
 p - a +2 cloak of willpower (worn)
 D - a +1 animal skin
 E - a +0 helmet (worn)
 K - a +0 robe
 T - the +2 hat "Yhootzi" {+Blink rC- rCorr Str+5}
   (You found it on level 10 of the Dungeon)

   Str:       It affects your strength (+5).
   rC:        It makes you vulnerable to cold.
   +Blink:    It lets you blink.
   rCorr:     It protects you from acid and corrosion.
 V - the +0 robe of the Nexus (worn) {+Inv rElec rF- Slay+6}
   (You took it off an orc on level 10 of the Dungeon)

   Slay:      It affects your accuracy & damage with ranged weapons and melee
   (+6).
   rF:        It makes you vulnerable to fire.
   rElec:     It insulates you from electricity.
   +Inv:      It lets you turn invisible.
Jewellery
 q - a ring of positive energy (left hand)
 u - a ring of willpower
 G - the ring "Eschouw" (right hand) {Wiz rF++ Dex+2}
   (You found it on level 3 of the Dungeon)

   [ring of wizardry]

   It improves your spell success rate.
   Dex:       It affects your dexterity (+2).
   rF:        It greatly protects you from fire.
 I - a ring of protection from fire
 M - an amulet of guardian spirit (around neck)
 N - a ring of protection from fire
 Z - a ring of ice
Wands
 F - a wand of polymorph (9)
 H - a wand of digging (6)
 O - a wand of roots (2)
 R - a wand of mindburst (8)
 W - a wand of flame (12)
Scrolls
 c - 7 scrolls of teleportation
 f - 4 scrolls of noise
 j - 2 scrolls of enchant weapon
 l - 3 scrolls of vulnerability
 m - 3 scrolls of immolation
 o - a scroll of amnesia
 s - a scroll of silence
 t - 2 scrolls of enchant armour
 v - 3 scrolls of fog
 A - a scroll of fear
 B - 4 scrolls of blinking
 C - 2 scrolls of torment
 J - a scroll of poison
Potions
 i - 6 potions of heal wounds
 k - 6 potions of cancellation
 n - 3 potions of haste
 r - 2 potions of flight
 w - 6 potions of curing
 x - 2 potions of brilliance
 z - 2 potions of resistance {unknown}
 L - a potion of attraction {unknown}
 P - 2 potions of degeneration {unknown}
 Q - a potion of magic
 S - 4 potions of mutation {unknown}
 Y - a potion of might


   Skills:
 + Level 9.3 Fighting
 - Level 1.5 Dodging
 - Level 3.0 Stealth
 + Level 7.3 Spellcasting
 - Level 2.0 Hexes
 * Level 15.3 Summonings
 - Level 2.0 Air Magic
 * Level 7.2 Invocations


You had 5 spell levels left.
You knew the following spells:

 Your Spells              Type           Power      Damage    Failure   Level
a - Summon Small Mammal   Summ           100%       N/A       0%          1
b - Call Imp              Summ           66%        N/A       0%          2
c - Call Canine Familiar  Summ           66%        N/A       1%          3
d - Summon Guardian Gole  Hex/Summ       46%        N/A       1%          3
e - Summon Lightning Spi  Summ/Air       46%        N/A       1%          4
f - Summon Hydra          Summ           33%        N/A       4%          7

Your spell library contained the following spells:

 Spells                   Type           Power      Damage    Failure   Level
 Necrotise                Necr           32%        1d5       3%          1
 Sandblast                Erth           16%        2d6       3%          1
 Lesser Beckoning         Tloc           16%        N/A       4%          2
 Passwall                 Tmut/Erth      6%         N/A       4%          2
 Sublimation of Blood     Necr           8%         N/A       4%          2
 Wereblood                Tmut           8%         N/A       4%          2
 Gell's Gravitas          Tloc           8%         N/A       10%         3
 Hailstorm                Conj/Ice       8%         3d4       10%         3
 Stone Arrow              Conj/Erth      16%        3d8       10%         3
 Teleport Other           Tloc           8%         N/A       10%         3
 Vampiric Draining        Necr           8%         2d6       10%         3
 Leda's Liquefaction      Hex/Erth       6%         N/A       21%         4
 Ice Form                 Ice/Tmut       8%         N/A       30%         4
 Agony                    Necr           8%         N/A       61%         5
 Lee's Rapid Deconstruct  Erth           4%         3d5*      61%         5
 Statue Form              Tmut/Erth      5%         N/A       99%         6
 Simulacrum               Ice/Necr       Unusable   N/A       N/A         6

Dungeon Overview and Level Annotations

Branches:
Dungeon (12/15)            Temple (1/1) D:5            Lair (0/5) D:8
    Orc (2/2) D:12            Elf (0/3) Orc:2         Sewer (visited)

Altars:
Ashenzari
Cheibriados
Dithmenos
Elyvilon
Fedhas
Gozag
Hepliaklqana
Kikubaaqudgha
Makhleb
Nemelex Xobeh
Okawaru
Qazlal
Ru
Sif Muna
Trog
Uskayaw
Vehumet
Wu Jian
Xom
Yredelemnul
Zin
The Shining One

Shops:
D:3 (*   D:9 *   D:11 *   D:12 [(   Orc:2 [

Annotations:
D:2 1 runed translucent door, Crazy Yiuf
D:9 exclusion: 2 oklob saplings


Innate Abilities, Weirdness & Mutations

Your serpentine skin is tough. (AC +4)
You have supernaturally acute eyesight. (SInv)
Armour fits poorly on your strangely shaped body.
Your system is resistant to poisons. (rPois)
You cover ground very slowly.
You can spit poison.
You have a snake-like lower body.


Message History

The orange demon stings you from afar!
The ice devil struggles to escape constriction.
Unknown command.
Aiming: Fastroot
Press: ? - help, Shift-Dir - straight line, f - orange demon
Aim: an orange demon (moderately wounded, summoned)
The roots erupt in riotous growth!
Roots grab the rust devil.
Roots grab the orange demon.
Roots grab the orc high priest.
The grasping roots constrict the orc high priest.
The grasping roots constrict the rust devil.
The grasping roots constrict the orange demon.
The grasping roots constrict the ice devil.
The roots release their grip on the ice devil.
Your orc high priest zombie barely misses the orc high priest.
The rust devil hits you. The rust devil corrodes you!
The orange demon barely misses you.
Aiming: Fastroot
Press: ? - help, Shift-Dir - straight line, f - rust devil, p - orange demon
Aim: a rust devil (lightly wounded, summoned, constricted by roots)
The roots erupt in riotous growth!
The rust devil is unaffected.
The orange demon is unaffected.
The orc high priest is unaffected.
Roots grab the ice devil.
The grasping roots constrict the orc high priest.
The grasping roots constrict the rust devil, but do no damage.
The grasping roots constrict the orange demon!
The grasping roots constrict the ice devil, but do no damage.
The roots release their grip on the orc high priest.
The roots release their grip on the rust devil.
The roots release their grip on the orange demon.
The ice devil hits you!
* * * LOW HITPOINT WARNING * * *
The ice devil freezes you!!
* * * LOW HITPOINT WARNING * * *
Your orc high priest zombie hits the orc high priest.
The orange demon stings you from afar!
* * * LOW HITPOINT WARNING * * *
The rust devil hits you.
You die...
Your body rises from the dead as a mindless zombie.

#.).## ##...#..... ### #3..#
###.......... #.### ##)4.#
#............ ....# ###..3.#####
#..........##
...#####..o..##.#.###..#......##
.#..........##.....#.###).....#
.........).##.#...#.#.#.......###
........)###..4#................#
.......)####).o4@.#.............#
..........)..Z.#4....#...#.......
.........).)...).........)#Z.....
.........)))...).........###.....
..........).)..).....#.### #.....
...........).)..#......### ##....
...........)...#...#.....######..
..........#..#....####.....## ###
...................# ##.....#


You could see an orc high priest (distracted, ally target), an orange demon
(summoned), an ice devil (summoned, rooted), a rust devil (summoned) and a
friendly orc high priest zombie.

Vanquished Creatures
  3 orc knights
  An unseen horror (D:11)
  A hornet (D:9)
  3 nameless horrors (Orc:2)
  A vampire (D:11)
  2 yaks (D:10)
  A shadow (D:11)
  A water moccasin (D:5)
  5 orc warriors
  An ice beast (D:6)
  A sky beast (D:6)
  A phantom (D:5)
  2 bullfrogs
  2 kobold brigands (Sewer)
  6 scorpions
  A killer bee (D:11)
  3 howler monkeys
  2 hounds (D:5)
  4 orc priests (Orc:2)
  A gnoll bouda (D:5)
  An iguana (D:5)
  5 orc wizards
  8 gnolls
  9 adders
  A river rat (D:3)
  2 shadow imps
  6 worms
  24 orcs
  4 bats
  7 endoplasms
  4 giant cockroaches (D:3)
  5 goblins
  6 hobgoblins
  2 jackals (D:2)
  3 quokkas
  9 ball pythons
  A frilled lizard (D:2)
  11 kobolds
  6 rats
156 creatures vanquished.

Vanquished Creatures (collateral kills)
  An orc warlord (Orc:2)
  A two-headed ogre (D:10)
  The ghost of OTABOTABOTAB the Destroyer, a journeyman DECj of Vehumet (D:10)
  2 orc high priests (Orc:2)
  2 orc knights (Orc:2)
  A deep elf pyromancer (D:12)
  An ugly thing (D:12)
  2 orc sorcerers (Orc:2)
  Maurice (D:11)
  An unseen horror (D:10)
  A nameless horror (D:12)
  Prince Ribbit (D:9)
  5 trolls
  Sigmund (D:3)
  A wraith (D:12)
  4 yaks (D:9)
  Menkaure (D:4)
  A water moccasin (D:7)
  13 orc warriors
  An ice beast (D:6)
  A sky beast (D:8)
  3 ogres (Orc:2)
  2 centaurs
  Blork the orc (D:4)
  2 gnoll sergeants
  2 bullfrogs
  A necrophage (D:6)
  12 wights
  5 killer bees (D:10)
  A howler monkey (D:6)
  2 hounds (D:5)
  A gnoll bouda (D:6)
  7 orc priests
  An iguana (D:7)
  5 orc wizards
  Robin (D:3)
  16 gnolls
  8 adders
  A shadow imp (D:7)
  An ufetubus (D:5)
  40 orcs
  9 ball pythons
  3 endoplasms
  8 goblins
  7 hobgoblins
  6 jackals
  4 kobolds
  6 quokkas
  A bat (D:3)
  7 frilled lizards
  A rat (D:1)
207 creatures vanquished.

Vanquished Creatures (others)
  The ghost of baller8008 the Cleaver, a novice MiFi of Okawaru (D:11)
  A two-headed ogre (D:10)
  An unseen horror zombie (D:11)
  A vampire (D:10)
  3 yaks
  Duvessa (D:4)
  3 orc warriors
  A kobold brigand (Sewer)
  3 wights
  Dowan (D:4)
  2 troll zombies
  4 yak zombies
  A bullfrog zombie (D:7)
  2 orc priests
  5 orc wizards
  A scorpion zombie (D:6)
  2 killer bee zombies (D:10)
  2 ogre zombies (Orc:2)
  A howler monkey zombie (D:11)
  2 adder zombies (D:9)
  8 gnoll zombies
  A spectral shadow imp (D:7)
  3 ball python zombies (D:9)
  A jackal zombie (D:9)
  40 orc zombies
91 creatures vanquished.

Grand Total: 454 creatures vanquished

Notes
Turn   | Place    | Note
-------+----------+-------------------------------------------
     0 | D:1      | browni3141 the Naga Summoner began the quest for the Orb.
     0 | D:1      | Reached XP level 1. HP: 15/15 MP: 3/3
   105 | D:1      | Reached skill level 1 in Fighting
   201 | D:1      | Reached XP level 2. HP: 21/25 MP: 3/5
   207 | D:1      | Learned a level 2 spell: Call Imp
   227 | D:1      | Found a faded altar of an unknown god.
   505 | D:1      | Reached XP level 3. HP: 31/31 MP: 6/6
   806 | D:2      | Reached skill level 5 in Summonings
  1228 | D:2      | Reached XP level 4. HP: 38/38 MP: 4/7
  1390 | D:2      | Reached skill level 6 in Summonings
  1390 | D:2      | Reached XP level 5. HP: 16/44 MP: 2/8
  1678 | D:2      | Found a runed translucent door.
  1679 | D:2      | Noticed Crazy Yiuf
  1957 | D:3      | Found Nathauf's Antique Weapon Shop.
  1962 | D:3      | Noticed Robin
  2042 | D:3      | Identified a scroll of acquirement
  2044 | D:3      | Acquired the +0 barding "Yxedwin" {-Tele Regen+ Str+2
                  | Int+3}
  2171 | D:3      | Found a glowing drain.
  2175 | Sewer    | Entered a sewer
  2189 | Sewer    | Learned a level 3 spell: Call Canine Familiar
  2193 | Sewer    | Learned a level 3 spell: Summon Guardian Golem
  2441 | Sewer    | Reached skill level 1 in Hexes
  2481 | Sewer    | Noticed a kobold brigand
  2512 | Sewer    | Killed a kobold brigand
  2513 | Sewer    | Reached XP level 6. HP: 51/51 MP: 7/11
  2799 | D:3      | Reached XP level 7. HP: 58/58 MP: 13/13
  2861 | D:3      | Found Asyhaah's Assorted Antiques.
  2892 | D:3      | Killed Robin
  3023 | D:3      | Noticed Sigmund
  3035 | D:3      | Killed Sigmund
  3036 | D:3      | Reached skill level 7 in Summonings
  3118 | D:3      | Identified the ring "Eschouw" {Wiz rF++ Dex+2}
  3344 | D:4      | Learned a level 4 spell: Summon Lightning Spire
  3452 | D:4      | Noticed Blork the orc
  3467 | D:4      | Killed Blork the orc
  3476 | D:4      | Reached skill level 1 in Air Magic
  3517 | D:4      | Noticed Menkaure
  3525 | D:4      | Killed Menkaure
  3529 | D:4      | Reached XP level 8. HP: 54/68 MP: 14/14
  3838 | D:4      | Noticed Dowan
  3847 | D:4      | Noticed Duvessa
  3869 | D:4      | Killed Duvessa
  3869 | D:4      | Killed Dowan
  3963 | D:4      | Reached skill level 5 in Spellcasting
  4253 | D:5      | Entered Level 5 of the Dungeon
  4261 | D:5      | Reached skill level 8 in Summonings
  4443 | D:5      | Found a staircase to the Ecumenical Temple.
  4485 | Temple   | Entered the Ecumenical Temple
  5021 | D:5      | Reached skill level 9 in Summonings
  5439 | D:5      | Reached XP level 9. HP: 70/74 MP: 12/18
  5533 | D:5      | Found a basalt altar of Yredelemnul.
  5565 | D:5      | Found a snail-covered altar of Cheibriados.
  5655 | D:5      | Became a worshipper of Yredelemnul the Dark
  5773 | D:6      | Reached * piety under Yredelemnul
  5820 | D:6      | Reached skill level 10 in Summonings
  6055 | D:6      | Reached ** piety under Yredelemnul
  6056 | D:6      | Reached skill level 5 in Fighting
  7149 | D:7      | Learned a level 7 spell: Summon Hydra
  7537 | D:7      | Found a hazy altar of Hepliaklqana.
  8030 | D:8      | Reached XP level 10. HP: 92/92 MP: 12/19
  8299 | D:8      | Found a staircase to the Lair.
  8724 | D:9      | Noticed Prince Ribbit
  8728 | D:9      | Killed Prince Ribbit
  8907 | D:9      | Reached skill level 11 in Summonings
  9122 | D:9      | Reached skill level 12 in Summonings
  9242 | D:9      | Paralysed by a hornet for 2 turns
  9282 | D:9      | Found Recoalio's Assorted Antiques.
  9296 | D:9      | Bought a scroll of identify for 64 gold pieces
  9467 | D:9      | Reached *** piety under Yredelemnul
  9514 | D:10     | Entered Level 10 of the Dungeon
  9799 | D:10     | Reached skill level 13 in Summonings
  9799 | D:10     | Reached XP level 11. HP: 103/103 MP: 15/20
  9837 | D:10     | Found a runed translucent gate.
  9837 | D:10     | Found a runed translucent gate.
  9837 | D:10     | Found a runed translucent gate.
  9840 | D:10     | Identified the +1 plate armour "Ededu" {rPois}
 10067 | D:10     | Noticed OTABOTABOTAB's ghost (journeyman DECj)
 10068 | D:10     | Identified the +0 robe of the Nexus {+Inv rElec rF- Slay+6}
 10182 | D:10     | Noticed a two-headed ogre
 10190 | D:10     | Killed a two-headed ogre
 10234 | D:10     | Noticed a two-headed ogre
 10241 | D:10     | Killed a two-headed ogre
 10616 | D:10     | Reached skill level 14 in Summonings
 10619 | D:10     | Killed OTABOTABOTAB's ghost
 10620 | D:10     | Reached skill level 1 in Invocations
 10635 | D:10     | Identified the +2 hat "Yhootzi" {+Blink rC- rCorr Str+5}
 11002 | D:11     | Found a runed translucent gate.
 11002 | D:11     | Found a runed translucent gate.
 11002 | D:11     | Found a runed translucent gate.
 11003 | D:11     | Noticed baller8008's ghost (novice MiFi)
 11493 | D:11     | Found Korithrucu's Assorted Antiques.
 11544 | D:11     | Noticed Maurice
 11552 | D:11     | Killed Maurice
 12111 | D:11     | Killed baller8008's ghost
 12396 | D:12     | Noticed a deep elf pyromancer
 12403 | D:12     | Killed a deep elf pyromancer
 12534 | D:12     | Noticed a purple ugly thing
 12543 | D:12     | Killed a purple ugly thing
 12846 | D:12     | Found Woybred's Weapon Emporium.
 12846 | D:12     | Found a staircase to the Orcish Mines.
 12846 | D:12     | Found Saiffuf's Armour Emporium.
 12846 | D:12     | Noticed an orc knight
 12847 | D:12     | Noticed a nameless horror
 12853 | D:12     | Killed a nameless horror
 12879 | D:12     | Killed an orc knight
 12904 | D:12     | Reached XP level 12. HP: 74/112 MP: 4/22
 13041 | D:12     | Reached skill level 5 in Invocations
 13239 | Orc:1    | Entered Level 1 of the Orcish Mines
 13341 | Orc:2    | Entered Level 2 of the Orcish Mines
 13736 | Orc:2    | Noticed an orc warlord
 13744 | Orc:2    | Killed an orc warlord
 13864 | Orc:2    | Found Zang's Antique Armour Emporium.
 13963 | Orc:2    | Reached skill level 15 in Summonings
 14190 | Orc:2    | Noticed an orc high priest
 14192 | Orc:2    | Noticed an orc high priest
 14192 | Orc:2    | Noticed an orc high priest
 14192 | Orc:2    | Killed an orc high priest
 14604 | Orc:2    | Found a staircase to the Elven Halls.
 14633 | Orc:2    | Found an iron altar of Okawaru.
 15140 | Orc:2    | Noticed a sun demon
 15172 | Orc:2    | Killed an orc high priest
 15187 | Orc:2    | HP: 3/114 [orange demon[an orc high priest] (12)]
 15187 | Orc:2    | Slain by a rust devil

Illustrated notes

Levels and vault maps discovered:
D:1:      zelgadis_glass_arrival_small, layout_rooms,
          dreamdust_ecumenical_altar_grove
D:2:      layout_basic, serial_glass, glass_columns_a, glass_columns_a,
          minmay_misc_feat_secret_circle, minmay_hedge_maze,
          grunt_decor_fettered, chequers_serial_rivers_large_a,
          uniq_crazy_yiuf_cottage
D:3:      layout_rooms, serial_shops, nicolae_diamond_shop, shop,
          gup_sewer_entry_spiral, minmay_vboxes, uniq_sigmund, uniq_robin
D:4:      layout_cave_pods, minivault_26, uniq_duvessa, uniq_blork_the_orc,
          uniq_menkaure
D:5:      minmay_chambers_of_threes, layout_loops_corners,
          mainiacjoe_overflow_two_lobes, minmay_temple_entry_waves
D:6:      layout_layer_cave, serial_glass, glass_columns_c, glass_columns_a,
          glass_columns_a
D:7:      layout_loops_ring, overflow_temple_1_default, serial_rivers,
          chequers_serial_rivers_marsh, chequers_serial_rivers_marsh,
          chequers_serial_rivers_marsh, chequers_serial_rivers_micro_b,
          chequers_serial_rivers_room_a, chequers_serial_rivers_micro_d
D:8:      layout_loops_ring, lair_entry_dummy
D:9:      layout_cave_pools, serial_shops, nicolae_shop_waterfront,
          introduction_to_nature_1, uniq_prince_ribbit1
D:10:     layout_loops_cross, biasface_ghost_orc_armoury
D:11:     minmay_recursive_quarters, layout_long_grid, serial_shops, shop,
          ebering_ghost_rock_garden, uniq_maurice
D:12:     layout_irregular_city, orc_david_3
Temple:   compressed_dpeg_triangle_lava_temple
Orc:1:    layout_diamond_mine
Orc:2:    grunt_orc_tribal_feast, layout_diamond_mine, serial_shops,
          nicolae_shop_waterfront, nicolae_orc_damp_corner,
          david_defended_altar_orc

Skill      XL: |  1  2  3  4  5  6  7  8  9 10 11 12 |
---------------+-------------------------------------+-----
Fighting       | 1 2 6 8 9 |  9.3
Summonings     | 5 6 7 9 10 13 14 15 | 15.3
Spellcasting   | 3 4 6 7 |  7.3
Hexes          | 1 2 |  2.0
Air Magic      | 1 2 |  2.0
Invocations    | 4 7 |  7.2
Dodging        | |  1.5
Stealth        | |  3.0

Action                     |  1- 3 |  4- 6 |  7- 9 | 10-12 || total
---------------------------+-------+-------+-------+-------++-------
  Melee: Unarmed           |    69 |    30 |       |       ||    99
         Punch             |     2 |     2 |     2 |     3 ||     9
         Dagger            |       |   120 |   337 |   234 ||   691
         Spear             |       |       |     2 |    36 ||    38
   Cast: Summon Small Mamm |     9 |     4 |     2 |       ||    15
         Call Imp          |    17 |    16 |     5 |       ||    38
         Call Canine Famil |       |     1 |    20 |    15 ||    36
         Summon Guardian G |       |     1 |     3 |    11 ||    15
         Summon Lightning  |       |       |     8 |    19 ||    27
         Summon Hydra      |       |       |       |    28 ||    28
 Invoke: Recall Undead Har |       |       |       |     1 ||     1
Ability: Spit Poison       |    11 |    25 |    12 |     9 ||    57
  Evoke: Wand              |       |       |       |    15 ||    15
    Use: Scroll            |       |     6 |     8 |     8 ||    22
         Potion            |       |     2 |       |     5 ||     7
   Stab: Distracted        |     1 |     1 |     5 |     2 ||     9
         Sleeping          |       |     4 |     5 |     1 ||    10
 Armour: Robe              |    44 |   104 |    27 |    84 ||   259
         Animal skin       |       |       |   259 |    82 ||   341
  Dodge: Dodged            |    48 |    95 |   200 |   133 ||   476

Table legend: (Time is in decaauts)
 A = Elapsed time spent in this place.
 B = Non-inter-level travel time spent in this place.
 C = Inter-level travel time spent in this place.
 D = Time resting spent in this place.
 E = Time spent auto-exploring this place.
 F = Levels seen in this place.
 G = Mean time per level.
                   A        B        C        D        E       F      G
               +--------+--------+--------+--------+--------+-----+--------+
         Total |  19197 |  18468 |    729 |    823 |  13996 |  16 | 1199.8 |
       Dungeon |  15990 |  15306 |    684 |    320 |  12234 |  12 | 1332.5 |
        Temple |    332 |    303 |     29 |      0 |    281 |   1 |  332.0 |
  Orcish Mines |   2281 |   2266 |     15 |    493 |   1250 |   2 | 1140.5 |
         Sewer |    593 |    593 |      0 |     10 |    230 |   1 |  593.0 |
               +--------+--------+--------+--------+--------+-----+--------+

Top non-repeatable levels by time:
   Orc:2: 2141 daAuts
    D:11: 1834 daAuts
     D:6: 1807 daAuts
     D:5: 1640 daAuts
    D:10: 1598 daAuts
     D:2: 1539 daAuts
     D:4: 1327 daAuts
    D:12: 1233 daAuts
     D:7: 1185 daAuts
     D:9: 977 daAuts
     D:3: 963 daAuts
     D:1: 944 daAuts
     D:8: 938 daAuts
   Sewer: 593 daAuts
  Temple: 332 daAuts
